AoeStats
← Goose2210

Arena

510169609Analyzed
2v2 RM · 3d ago on Sep 29, 2026· 48m 43s· 4 players
Game mode
Random Map
Map size
Medium (4 player)
Population
200
Speed
Normal
Resources
Standard
Victory
Conquest
Starting age
Dark Age
Ending age
Imperial Age
RankedLock teamsTeams togetherTeam positionsShared explorationLock speedFull tech treeHidden civsTurbo modeCheats
Victory
Defeat
🇦🇷 Spanish · Argentina
1244
+15
🇩🇪 Saxons · Germany
1172
+19
🇨🇴 Burgundians · Colombia
1227
-17
🇨🇴 Goths · Colombia
1226
-17
Goose2210
4:04 Double-Bit Axe
10:40 Feudal Age
14:59 Castle Age
12:44 Loom
14:29 Bow Saw
15:09 Horse Collar
15:02 Light Cavalry
22:19 Heavy Plow
24:40 Two-Man Saw
25:14 Wheelbarrow
25:58 Redemption
27:18 Hand Cart
30:12 Imperial Age
28:58 Stone Mining
29:18 Padded Archer Armor
29:09 Fletching
29:36 Gold Mining
30:24 Stone Shaft Mining
30:24 Crop Rotation
30:22 Leather Archer Armor
30:20 Husbandry
30:27 Scale Barding Armor
29:46 Elite Skirmisher
31:29 Bodkin Arrow
32:16 Hussar
33:31 Bracer
34:17 Scale Barding Armor
34:22 Forging
35:04 Conscription
41:05 Iron Casting
andrewyroj
1:32 Loom
10:15 Feudal Age
15:23 Castle Age
15:01 Wheelbarrow
14:19 Double-Bit Axe
14:17 Horse Collar
15:06 Man-at-Arms
18:19 Wheelbarrow
19:59 Hand Cart
21:46 Gold Mining
22:18 Bow Saw
22:49 Town Watch
32:04 Imperial Age
37:14 Fletching
40:04 Squires
41:47 Two-Man Saw
40:41 Long Swordsman
40:51 Elite Skirmisher
41:50 Heavy Plow
42:00 Two-Handed Swordsman
43:31 Town Patrol
44:05 Scale Mail Armor
43:54 Pikeman
45:02 Champion
Prod
10:56 Feudal Age
14:42 Castle Age
12:48 Double-Bit Axe
12:44 Horse Collar
15:48 Bow Saw
15:29 Loom
21:22 Wheelbarrow
21:46 Gold Mining
22:11 Town Watch
23:36 Heavy Plow
27:50 Imperial Age
25:23 Fletching
25:53 Gold Mining
26:47 Ballistics
26:36 Thumb Ring
26:47 Padded Archer Armor
26:36 Crossbowman
27:22 Bodkin Arrow
28:48 Bracer
29:58 Chemistry
29:36 Arbalester
31:13 Siege Engineers
30:40 Capped Ram
33:11 Capped Ram
34:50 Squires
34:53 Scale Mail Armor
37:49 Conscription
38:07 Siege Ram
39:26 Leather Archer Armor
39:26 Chain Mail Armor
39:22 Forging
39:02 Gambesons
39:32 Scale Barding Armor
41:44 Plate Mail Armor
41:50 Ring Archer Armor
41:20 Pikeman
42:33 Bloodlines
41:45 Light Cavalry
43:19 Forging
43:32 Scale Barding Armor
44:21 Forging
44:02 Elite Hearth Troop
46:13 Iron Casting
45:51 Husbandry
46:13 Chain Barding Armor
48:35 Man-at-Arms
49:03 Arson
48:39 Elite Varangian Guard
monJ3__
10:38 Feudal Age
8:54 Loom
14:39 Castle Age
17:22 Double-Bit Axe
27:50 Fletching
31:38 Gold Mining
32:10 Bow Saw
31:42 Horse Collar
32:40 Wheelbarrow
40:36 Imperial Age
39:24 Scale Barding Armor
39:30 Forging
39:58 Bloodlines
39:48 Husbandry
40:58 Chain Barding Armor
41:07 Cavalier
43:06 Plate Barding Armor
43:06 Iron Casting
43:11 Conscription
43:34 Heavy Plow
47:47 Blast Furnace
47:42 Fervor
Connection lost

Rejoining the realm…

Still unreachable

The connection could not be restored.

Session expired

The server has moved on; the page needs a fresh start.